 Dungeon Crawl Stone Soup version 0.31-a0-1321-g5021b54cb2 (webtiles) character file.

Game seed: 13962499724360976061

3257 Curundu the Protected (level 9, -2/79 HPs)
             Began as a Minotaur Berserker on Dec 20, 2023.
             Was an Elder of Trog.
             Slain by a yak (6 damage)
             ... on level 8 of the Dungeon.
             The game lasted 00:28:45 (7421 turns).

Curundu the Protected (Minotaur Berserker)          Turns: 7421, Time: 00:28:45

Health: -2/79      AC: 15    Str: 26    XL:     9   Next: 67%
Magic:  8/8        EV: 10    Int:  7    God:    Trog [****..]
Gold:   357        SH:  3    Dex: 10    Spells: 8/8 levels left

rFire   . . .        j - +5 spear "Gaguaf" {venom, +Blink Int+3 Stlth+}
rCold   . . .        E - +0 buckler
rNeg    . . .        w - +1 chain mail
rPois   .            (helmet restricted)
rElec   .            i - +2 cloak
rCorr   .            (no gloves)
SInv    +            (no boots)
Will    .....        (no amulet)
Stlth   x              - ring of see invisible
HPRegen 0.33/turn    (no ring)
MPRegen 0.11/turn

%: no passive effects
@: hasted, very quick
A: horns 2, retaliatory headbutt
a: Renounce Religion, Evoke Blink, Berserk, Trog's Hand, Brothers in Arms


You were on level 8 of the Dungeon.
You worshipped Trog.
Trog was greatly pleased with you.
You visited 1 branch of the dungeon, and saw 8 of its levels.
You also visited: Sewer.

You collected 357 gold pieces.

Inventory:

Hand Weapons
 e - a +0 whip of flaming
 j - the +5 spear "Gaguaf" (weapon) {venom, +Blink Int+3 Stlth+}
   (You found it on level 5 of the Dungeon)

   Int+3:     It affects your intelligence (+3).
   +Blink:    It lets you blink.
   Stlth+:    It makes you more stealthy.
 u - a +1 dagger of electrocution
Missiles
 z - 21 poisoned darts
 A - 4 javelins
Armour
 i - a +2 cloak (worn)
 w - a +1 chain mail (worn)
 E - a +0 buckler (worn)
Jewellery
 x - a ring of see invisible (left hand)
 D - an amulet of faith
Wands
 C - a wand of flame (22)
Scrolls
 a - a scroll of enchant weapon {unknown}
 f - 3 scrolls of immolation
 m - 3 scrolls of vulnerability
 n - 2 scrolls of poison
 o - 2 scrolls of teleportation
 q - 2 scrolls of revelation {unknown}
 v - 6 scrolls of amnesia
 y - a scroll of fog {unknown}
 B - 2 scrolls of blinking
Potions
 b - 2 potions of brilliance {unknown}
 c - a potion of resistance {unknown}
 d - a potion of haste
 g - 4 potions of attraction
 h - 3 potions of heal wounds {unknown}
 k - 2 potions of curing
 l - a potion of enlightenment {unknown}
 p - 2 potions of might {unknown}
 r - 2 potions of invisibility {unknown}
 t - a potion of magic {unknown}


   Skills:
 + Level 7.3 Fighting
 + Level 4.7 Long Blades
 + Level 6.6 Maces & Flails
 + Level 7.0 Polearms
 + Level 1.9 Throwing
 + Level 9.1 Armour
 + Level 4.4 Dodging
 + Level 2.3 Stealth
 + Level 0.5 Shields
 + Level 1.2 Evocations


You had 8 spell levels left.
You didn't know any spells.
Your spell library was empty.

Dungeon Overview and Level Annotations

Branches:
Dungeon (8/15)             Temple (0/1) D:7           Sewer (visited)
   Lair: D:8-11

Altars:
Ashenzari
Dithmenos
Sif Muna
Uskayaw
Vehumet
Zin
The Shining One

Shops:
D:3 [   D:7 =


Innate Abilities, Weirdness & Mutations

You have a pair of horns on your head.
You reflexively headbutt those who attack you in melee.


Message History

You barely miss the yak.
The yak is heavily wounded.
The yak gores you!
* * * LOW HITPOINT WARNING * * *
The yak gores you but does no damage.
You hit the yak.
The yak looks as sick as possible!
The yak is severely wounded.
The yak barely misses you. x2
You puncture the yak!
The yak looks as sick as possible!
The yak is almost dead.
You kill the yak!
Trog accepts your kill. You block the yak's attack.
Your Polearms skill increases to level 7!
You hit the yak.
The yak is poisoned.
The yak is lightly wounded.
The yak gores you.
* * * LOW HITPOINT WARNING * * *
The yak misses you. You furiously retaliate!
You headbutt the yak! You barely miss the yak.
The yak is lightly wounded.
The yak gores you but does no damage.
You hit the yak. You headbutt the yak.
The yak is moderately wounded.
The yak closely misses you. You furiously retaliate!
You headbutt the yak! You closely miss the yak. Your headbutt misses the yak.
The yak is moderately wounded.
The yak gores you.
* * * LOW HITPOINT WARNING * * *
The yak gores you but does no damage.
You hit the yak.
The yak looks as sick as possible!
The yak is moderately wounded.
The yak gores you.
* * * LOW HITPOINT WARNING * * *
The yak gores you.
* * * LOW HITPOINT WARNING * * *
You feel yourself speed up. The yak gores you.
* * * LOW HITPOINT WARNING * * *
The yak gores you.
You die...

#................##
##....######....##
###.## ###### #..#
### #.## #$.##.#
#...#.# #....##
#.##@# #YY.#
....... #.........
...>......
..........#
........$..
............


You could see 2 yaks.

Vanquished Creatures
  4 yaks (D:8)
  Sigmund (D:2)
  2 water moccasins
  2 black bears (D:6)
  4 ogres
  A phantom (D:4)
  4 kobold brigands
  A bullfrog (D:7)
  5 scorpions
  6 wights
  A howler monkey (D:7)
  4 hounds
  4 jellies
  3 orc priests
  3 iguanas
  4 orc wizards
  Natasha (twice) (D:3)
  The ghost of bmb222 the Sneak, a weakling DsDe (D:3)
  5 adders
  A shadow imp (D:6)
  2 white imps
  5 worms
  A dart slug (D:2)
  17 orcs
  8 ball pythons
  3 bats
  4 endoplasms
  5 giant cockroaches
  3 goblins
  3 hobgoblins
  3 jackals (D:1)
  21 kobolds
  5 quokkas
  3 frilled lizards
  8 rats
149 creatures vanquished.

Notes
Turn   | Place    | Note
-------+----------+-------------------------------------------
     0 | D:1      | Curundu the Minotaur Berserker began the quest for the Orb.
     0 | D:1      | Reached XP level 1. HP: 19/19 MP: 0/0
   278 | D:1      | Reached XP level 2. HP: 27/27 MP: 1/1
  1043 | D:2      | Reached XP level 3. HP: 18/33 MP: 2/2
  1165 | D:2      | Noticed Sigmund
  1176 | D:2      | Killed Sigmund
  1177 | D:2      | Reached skill level 3 in Armour
  1177 | D:2      | Reached XP level 4. HP: 22/41 MP: 3/3
  1177 | D:2      | Reached XP level 5. HP: 26/47 MP: 4/4
  1509 | D:2      | Found a radiant altar of Vehumet.
  1744 | D:2      | Reached ** piety under Trog
  2107 | D:3      | Found Jitaagiff's Antique Armour Shoppe.
  2207 | D:3      | Reached skill level 4 in Armour
  2594 | D:3      | Noticed Natasha
  2603 | D:3      | Killed Natasha
  2669 | D:3      | Found a runed translucent door.
  2669 | D:3      | Noticed bmb222's ghost (weakling DsDe)
  2683 | D:3      | Killed bmb222's ghost
  2684 | D:3      | Reached skill level 1 in Stealth
  2684 | D:3      | Reached XP level 6. HP: 44/55 MP: 5/5
  2921 | D:3      | Noticed Natasha
  2927 | D:3      | Killed Natasha
  2928 | D:3      | Reached skill level 5 in Fighting
  3272 | D:4      | Identified the +3 leather armour of Defiance {*Slow rPois
                  | rF+++ Int-5}
  3297 | D:4      | Found a shadowy altar of Dithmenos.
  3318 | D:4      | Reached skill level 5 in Armour
  3409 | D:4      | Reached XP level 7. HP: 14/61 MP: 6/6
  3760 | D:4      | Found a glowing drain.
  3776 | Sewer    | Entered a sewer
  4073 | Sewer    | Reached skill level 5 in Maces & Flails
  4537 | D:4      | Found a hide-covered altar of Uskayaw.
  4599 | D:5      | Entered Level 5 of the Dungeon
  4611 | D:5      | Identified the +5 spear "Gaguaf" {venom, +Blink Int+3
                  | Stlth+}
  4656 | D:5      | Reached skill level 6 in Armour
  4662 | D:5      | Reached *** piety under Trog
  4868 | D:5      | Reached XP level 8. HP: 62/70 MP: 7/7
  4941 | D:5      | Reached skill level 1 in Polearms
  5051 | D:5      | Found a glowing golden altar of the Shining One.
  5119 | D:5      | Found a shimmering blue altar of Sif Muna.
  5310 | D:6      | Reached skill level 7 in Armour
  6025 | D:6      | Reached skill level 8 in Armour
  6025 | D:6      | Reached skill level 1 in Evocations
  6025 | D:6      | Reached XP level 9. HP: 78/78 MP: 8/8
  6462 | D:7      | Found a staircase to the Ecumenical Temple.
  6526 | D:7      | Found a glowing silver altar of Zin.
  6588 | D:7      | Reached skill level 1 in Throwing
  6590 | D:7      | Reached **** piety under Trog
  6591 | D:7      | Reached skill level 5 in Polearms
  6779 | D:7      | Found a broken altar of Ashenzari.
  6841 | D:7      | Found Dinanta's Jewellery Shop.
  7413 | D:8      | Reached skill level 9 in Armour
  7421 | D:8      | Slain by a yak

Illustrated notes

Levels and vault maps discovered:
D:1:      lightli_arrival_lavapool, layout_loops_corners
D:2:      layout_basic, basic_altar, serial_forest, infiniplex_forest_lined_2,
          infiniplex_forest_end_2, infiniplex_forest_lined_3,
          infiniplex_forest_lined_corner, infiniplex_forest_end_3,
          infiniplex_forest_lined_room_3, infiniplex_forest_clump_double,
          infiniplex_forest_lined_2, guppyfry_early_lair_pool, uniq_sigmund
D:3:      layout_basic, serial_shops, shop, gammafunk_ghost_grave, hex_medium,
          uniq_natasha
D:4:      layout_loops_ring, nicolae_dithmenos_through_a_glass_darkly,
          nicolae_uskayaw_suspiria, portal_sewer_entry_b
D:5:      layout_rooms, led_sif_book, tso_oasis_becter
D:6:      layout_basic, minmay_misc_feat_columns, kennysheep_diamond
D:7:      layout_rooms, mainiacjoe_overflow_alcove_1, kennysheep_mini_moat,
          minmay_temple_entry_tees, minivault_5, minmay_shop_enchanted_jewellery
D:8:      layout_cave_pods, minmay_lair_entry_grove

Skill      XL: |  1  2  3  4  5  6  7  8  9 |
---------------+----------------------------+-----
Long Blades    | 4 |  4.7
Fighting       | 4 5 6 7 |  7.3
Maces & Flails | 2 3 4 5 6 |  6.6
Armour         | 3 4 5 6 8 9 |  9.1
Dodging        | 3 4 |  4.4
Stealth        | 1 2 |  2.3
Polearms       | 4 7 |  7.0
Evocations     | 1 |  1.2
Throwing       | 1 |  1.9
Shields        | |  0.5

Action                     |  1- 3 |  4- 6 |  7- 9 || total
---------------------------+-------+-------+-------++-------
  Melee: Whip              |    54 |    95 |    81 ||   230
         Punch             |     2 |       |     2 ||     4
         Falchion          |     1 |       |       ||     1
         Headbutt          |     5 |    18 |    42 ||    65
         Spear             |       |       |   202 ||   202
         Dagger            |       |       |    16 ||    16
  Throw: Dart              |       |       |    12 ||    12
 Invoke: Trog's Hand       |       |     1 |     2 ||     3
Ability: Evoke Blink       |       |       |     3 ||     3
    Use: Scroll            |       |     3 |    10 ||    13
         Potion            |       |       |     1 ||     1
 Armour: Animal skin       |     7 |       |       ||     7
         Leather armour    |    14 |       |       ||    14
         Ring mail         |    12 |    39 |       ||    51
         Scale mail        |       |    16 |    42 ||    58
         Chain mail        |       |       |   148 ||   148
  Dodge: Dodged            |    38 |    51 |   120 ||   209
  Block: Buckler           |       |       |     5 ||     5

Table legend: (Time is in decaauts)
 A = Elapsed time spent in this place.
 B = Non-inter-level travel time spent in this place.
 C = Inter-level travel time spent in this place.
 D = Time resting spent in this place.
 E = Time spent auto-exploring this place.
 F = Levels seen in this place.
 G = Mean time per level.
                   A        B        C        D        E       F      G
               +--------+--------+--------+--------+--------+-----+--------+
         Total |   7493 |   7493 |      0 |      0 |   5630 |   9 |  832.6 |
       Dungeon |   6974 |   6974 |      0 |      0 |   5404 |   8 |  871.8 |
         Sewer |    518 |    518 |      0 |      0 |    226 |   1 |  518.0 |
               +--------+--------+--------+--------+--------+-----+--------+

Top non-repeatable levels by time:
     D:6: 1151 daAuts
     D:4: 1112 daAuts
     D:2: 1030 daAuts
     D:1: 1018 daAuts
     D:3: 1006 daAuts
     D:5: 710 daAuts
     D:7: 592 daAuts
   Sewer: 518 daAuts
     D:8: 354 daAuts
